 Dungeon Crawl Stone Soup version 0.19.0-16-g73b5abf (webtiles) character file.

23 Chiseanne the Magician (level 2, -1/19 HPs)
             Began as a Demonspawn Wizard on Nov 10, 2016.
             Slain by a hobgoblin
             ... wielding a +0 club
              (6 damage)
             ... on level 1 of the Dungeon.
             The game lasted 00:01:10 (1129 turns).

Chiseanne the Magician (Demonspawn Wizard)          Turns: 1129, Time: 00:01:10

Health: -1/19      AC:  2    Str:  7    XL:     2   Next: 75%
Magic:  0/6        EV: 12    Int: 19    God:
Gold:   46         SH:  0    Dex: 11    Spells: 1 memorised, 6 levels left

rFire  . . .     SeeInvis .     f - +0 club
rCold  . . .     Gourm    .     a - +0 robe
rNeg   . . .     Faith    .     (no shield)
rPois  .         Spirit   +     b - +0 hat
rElec  .         Reflect  .     (no cloak)
rCorr  .         Harm     .     (no gloves)
MR     .....                    (no boots)
Stlth  ++........               (no amulet)
                                (no ring)
                                (no ring)

@: very slightly contaminated
A: magic shield
a: no special abilities


You were on level 1 of the Dungeon.
You were hungry.

You visited 1 branch of the dungeon, and saw 1 of its levels.

You collected 46 gold pieces.

Inventory:

Hand Weapons
 f - a +0 club (weapon)
Missiles
 e - 16 bolts
 g - 21 stones (quivered)
Armour
 a - a +0 robe (worn)
 b - a +0 hat (worn)
Books
 c - a book of Minor Magic

   Spells                             Type                      Level
   a - Magic Dart                     Conjuration                  1
   b - Blink                          Translocation                2
   c - Call Imp                       Summoning                    2
   d - Repel Missiles                 Charms/Air                   2
   e - Slow                           Hexes                        2
   f - Conjure Flame                  Conjuration/Fire             3
   g - Mephitic Cloud                 Conjuration/Poison/Air       3
Comestibles
 d - a bread ration
 i - a beef jerky


   Skills:
 - Level 1.7 Dodging
 - Level 1.7 Stealth
 * Level 3.4 Spellcasting
 * Level 2.0 Conjurations
   Level 1.0 Summonings
   Level 0.8 Translocations


You had 6 spell levels left.
You knew the following spells:

 Your Spells              Type           Power        Failure   Level  Hunger
a - Magic Dart            Conj           ##..         10%         1    None


Dungeon Overview and Level Annotations

Branches:
Dungeon (1/15)

Altars:


Innate Abilities, Weirdness & Mutations

When hurt, damage is shared between your health and your magic reserves.


Message History

You closely miss the hobgoblin. The hobgoblin barely misses you.
You hit the hobgoblin but do no damage. The hobgoblin hits you with a club.
You hit the hobgoblin but do no damage. The hobgoblin barely misses you.
The hobgoblin closely misses you.
You barely miss the hobgoblin. The hobgoblin hits you with a club.
You closely miss the hobgoblin. The hobgoblin hits you with a club.
Casting: Magic Dart
Confirm with . or Enter, or press ? or * to list all spells.
You don't have enough magic to cast that spell.
You closely miss the hobgoblin. The hobgoblin hits you with a club.
* * * LOW HITPOINT WARNING * * *
You barely miss the hobgoblin. The hobgoblin misses you.
You barely miss the hobgoblin. The hobgoblin misses you.
The hobgoblin hits you but does no damage.
You aren't carrying any potions.
Unknown command.
As you read the scroll labeled POSOGG DIECA, it crumbles to dust.
You feel blessed for a moment.
It was a scroll of remove curse.
The hobgoblin hits you with a club.
You die...

g.. ##.# #.# #.# #.# #. ..#
#.# #.# #.# #. #.#
#.#####.###.### ##
###.###.#.....#.....#
#.......#.#####>###.#####
#.#.#####.# #.# #......
#.#####.#.# #.# #.###.####.
..††......#####.# #.....###..
#........g.g@.#####.#.####.##
....###.#.######.........##.##
# #.#.# #.####.#.##..# #.#.#
#.# #.####..## #.#.# #.# #.#
#.#.## #.#.# #.# #.####.##..
#.#.# #.# #.##..)..#.
#.#.######.# #.##.....#.
#......#.# #..........


You could see 2 hobgoblins.

Vanquished Creatures
  An ooze (D:1)
  A dart slug (D:1)
  A ball python (D:1)
  2 giant cockroaches (D:1)
  3 goblins (D:1)
  3 hobgoblins (D:1)
  A kobold (D:1)
  3 rats (D:1)
15 creatures vanquished.

Notes
Turn   | Place    | Note
-------+----------+-------------------------------------------
     0 | D:1      | Chiseanne the Demonspawn Wizard began the quest for the Orb.
     0 | D:1      | Reached XP level 1. HP: 13/13 MP: 4/4
   491 | D:1      | Gained mutation: When hurt, damage is shared between your health and your magic reserves. [demonic ancestry]
   491 | D:1      | Reached XP level 2. HP: 19/19 MP: 3/6
  1129 | D:1      | Slain by a hobgoblin

Skill      XL: |  1  2 |
---------------+-------+-----
Conjurations   | 2 |  2.0
Dodging        | |  1.7
Stealth        | |  1.7
Spellcasting   | |  3.4
Summonings     | |  1.0
Translocations | |  0.8

Action                   || total
-------------------------++-------
Melee: Club              ||    28
       Unarmed           ||     3
 Cast: Magic Dart        ||    39
  Use: Scroll            ||     1
Armor: Robe              ||     9
Dodge: Dodged            ||    23
